 Dungeon Crawl Stone Soup version 0.30.1-11-g7821555f0a (webtiles) character file.

Game seed: 8348067506449017758

2131 Kallu the Grappler (level 9, -8/81 HPs)
             Began as a Ghoul Monk on Jan 8, 2024.
             Was a Priest of Wu Jian.
             Mangled by an orc knight
             ... wielding a +0 halberd
              (9 damage)
             ... in a bailey.
             The game lasted 00:11:50 (6839 turns).

Kallu the Grappler (Ghoul Monk)                     Turns: 6839, Time: 00:11:51

Health: -8/81      AC:  7    Str: 23    XL:     9   Next: 30%
Magic:  17/17      EV: 12    Int:  5    God:    Wu Jian [***...]
Gold:   322        SH:  0    Dex: 13    Spells: 8/8 levels left

rFire   . .          .
                       - Unarmed
rCold   + . .        c - orb {light}
rNeg    + + +        B - +2 steam dragon scales
rPois   ∞            (no helmet)
rElec   .            (no cloak)
rCorr   .            (no gloves)
SInv    .            (no boots)
Will    .....        (no amulet)
Stlth   +            s - ring of magical power
HPRegen 0.00/turn    A - +6 ring of strength
MPRegen 0.15/turn

%: no passive effects
@: inhibited regen, glowing
A: claws 1, cold resistance 1, negative energy resistance 3, inhibited
regeneration, torment resistance 2, devour on kill
a: Renounce Religion, Wall Jump, Serpent's Lash


You were in a bailey.
You worshipped Wu Jian.
Wu Jian was most pleased with you.
You visited 2 branches of the dungeon, and saw 8 of its levels.
You also visited: Bailey.

You collected 322 gold pieces.

Inventory:

Hand Weapons
 i - the +6 rapier of the Genius {pain, rElec Int+2 SInv}
   (You found it on level 2 of the Dungeon)

   Int:       It affects your intelligence (+2).
   rElec:     It insulates you from electricity.
   SInv:      It lets you see invisible.
Missiles
 y - a curare-tipped dart (quivered)
 E - 2 poisoned darts
Armour
 c - an orb of light (worn)
 B - +2 steam dragon scales (worn)
Jewellery
 s - a ring of magical power (left claw)
 A - a +6 ring of strength (right claw)
Wands
 o - a wand of polymorph (11)
Scrolls
 j - 3 scrolls of teleportation {unknown}
 k - a scroll of blinking {unknown}
 l - a scroll of enchant weapon {unknown}
 n - 2 scrolls of enchant armour {unknown}
 p - a scroll of torment {unknown}
 q - 3 scrolls of identify {unknown}
 r - a scroll of noise {unknown}
 t - a scroll of fear {unknown}
 u - a scroll of immolation {unknown}
 w - a scroll of vulnerability {unknown}
 C - a scroll of fog {unknown}
Potions
 a - a potion of cancellation {unknown}
 b - 2 potions of ambrosia
 d - 3 potions of haste {unknown}
 e - a potion of degeneration {unknown}
 f - 3 potions of lignification {unknown}
 g - 2 potions of mutation {unknown}
 h - 2 potions of heal wounds {unknown}
 m - 5 potions of curing {unknown}
 v - a potion of brilliance {unknown}
 z - a potion of flight {unknown}
 D - a potion of invisibility {unknown}
Miscellaneous
 x - a piece from Xom's chessboard (15/15)


   Skills:
 + Level 7.8 Fighting
 - Level 2.0 Armour
 - Level 2.6 Dodging
 - Level 11.2 Unarmed Combat


You had 8 spell levels left.
You didn't know any spells.
Your spell library contained the following spells:

 Spells                   Type           Power      Damage    Failure   Level
 Shock                    Conj/Air       0%         1d3       47%         1
 Gell's Gravitas          Tloc           0%         N/A       85%         3
 Swiftness                Air            0%         N/A       85%         3
 Teleport Other           Tloc           0%         N/A       85%         3
 Airstrike                Air            0%         2d(0-16)  99%         4
 Anguish                  Hex/Necr       0%         N/A       99%         4
 Animate Armour           Summ/Erth      0%         N/A       99%         4
 Cause Fear               Hex            0%         N/A       99%         4
 Summon Forest            Summ/Tloc      0%         N/A       100%        5
 Summon Mana Viper        Hex/Summ       0%         N/A       100%        5
 Dispersal                Tloc           0%         N/A       100%        6
 Iron Shot                Conj/Erth      0%         9d1       100%        6
 Summon Cactus Giant      Summ           0%         N/A       100%        6
 Enfeeble                 Hex            0%         N/A       100%        7
 Blade Hands              Tmut           Unusable   N/A       N/A         5

Dungeon Overview and Level Annotations

Branches:
Dungeon (7/15)             Temple (1/1) D:5          Bailey (1/1)

Altars:
Ashenzari
Cheibriados
Dithmenos
Fedhas
Gozag
Hepliaklqana
Kikubaaqudgha
Makhleb
Okawaru
Qazlal
Sif Muna
Trog
Uskayaw
Vehumet
Wu Jian
Xom
Yredelemnul

Shops:
D:6 :


Innate Abilities, Weirdness & Mutations

You are immune to poison.
You have sharp fingernails.
Your flesh is cold resistant. (rC+)
You are immune to negative energy. (rN+++)
You do not regenerate when monsters are visible.
You are immune to unholy pain and torment.
You thrive by killing the living.


Message History

As you open the door, it creaks loudly!
There is an open door here.
You open the gate.
Found a runed mace.
Found two gates leading back out of this place.
There is an open gate here.
You see here a +4 mace of holy wrath.
You open the door. 2 orc knights come into view.
The orc knight shouts! x2
Found a book of Dangerous Friends and a scroll of acquirement.
You lunge at the orc knight.
You mangle the orc knight!!
The orc knight is moderately wounded.
The orc knight closely misses you.
The orc knight roars a battlecry!
The orc knight goes into a battle-frenzy!
There is an open door here.
Unknown command.
Okay, then.
Unknown command.
You spin and attack the orc knight.
You claw the orc knight!
The orc knight is heavily wounded.
The orc knight barely misses you.
The orc knight hits you with a +0 halberd!
Unknown command.
Aiming: Wall Jump
Press: ? - help, Dir - move target You repeatedly attack the orc knight from above.
You scratch the orc knight.
The orc knight is heavily wounded.
You claw the orc knight!
The orc knight is heavily wounded.
You scratch the orc knight but do no damage.
The orc knight is heavily wounded.
The orc knight hits you from afar with a +0 glaive!!
The orc knight hits you with a +0 halberd!
The orc knight hits you from afar with a +0 glaive!!
* * * LOW HITPOINT WARNING * * *
The orc knight hits you with a +0 halberd!
You die...

.≈≈#.##≈......###......≈##)#≈≈...
..≈≈.≈≈≈...#########...≈≈≈)≈≈....
).........##.......##............
.).......##..#'#'#..##...........
.........#..##)#)##..#...........
........##.#########.##..........
........##.')#?.:#)'.##..........
........##.###o8○###.##..........
........##.'.#.o@#.'.##..........
........##.####○####.##..........
.........#..##∩)∩##).##..........
.........##..#'''##..............
..........##.....##..............
..≈≈.≈≈≈...##....##....≈≈≈.≈≈....
.≈≈#.##≈....#######....≈##.#≈≈...
.≈##.∩#≈...............≈#∩)##≈...
.≈#......................)).#≈...


You could see 2 orc knights.

Vanquished Creatures
  2 water moccasins (D:6)
  6 orc warriors (Bailey)
  A sky beast (D:7)
  A tengu (D:6)
  A kobold brigand (D:6)
  A phantom (D:5)
  3 scorpions
  3 wights (D:7)
  A howler monkey (D:6)
  5 hounds
  3 jellies
  A sleepcap (D:4)
  3 orc wizards
  2 iguanas
  13 adders
  A shadow imp (D:6)
  A white imp (D:6)
  An ufetubus (D:6)
  A dart slug (D:4)
  31 orcs
  6 endoplasms
  2 giant cockroaches
  11 goblins
  9 hobgoblins
  9 kobolds
  3 quokkas (D:1)
  4 ball pythons
  5 bats
  2 frilled lizards
  8 rats
  2 spectral goblins
142 creatures vanquished.

Vanquished Creatures (others)
  A butterfly (D:6)
1 creature vanquished.

Grand Total: 143 creatures vanquished

Notes
Turn   | Place    | Note
-------+----------+-------------------------------------------
     0 | D:1      | Kallu the Ghoul Monk began the quest for the Orb.
     0 | D:1      | Reached XP level 1. HP: 19/19 MP: 0/0
   111 | D:1      | Reached XP level 2. HP: 22/26 MP: 1/1
   159 | D:1      | Reached skill level 4 in Unarmed Combat
   711 | D:2      | Identified the +6 rapier of the Genius {pain, rElec Int+2
                  | SInv}
   755 | D:2      | Reached XP level 3. HP: 31/31 MP: 2/2
   875 | D:2      | Reached skill level 5 in Unarmed Combat
  1227 | D:2      | Found a faded altar of an unknown god.
  1613 | D:3      | Reached XP level 4. HP: 35/38 MP: 3/3
  1868 | D:3      | Found an ancient bone altar of Kikubaaqudgha.
  2217 | D:4      | Noticed a scorpion
  2321 | D:4      | Killed a scorpion
  2322 | D:4      | Reached skill level 6 in Unarmed Combat
  2322 | D:4      | Reached XP level 5. HP: 38/45 MP: 4/4
  2350 | D:4      | Identified the +10 short sword "Fudied" {freeze, rC++ rCorr
                  | Str+3}
  2566 | D:4      | Reached skill level 7 in Unarmed Combat
  2566 | D:4      | Reached XP level 6. HP: 44/51 MP: 5/5
  2643 | D:4      | Found a snail-covered altar of Cheibriados.
  3341 | D:5      | Entered Level 5 of the Dungeon
  3341 | D:5      | Found a shimmering altar of Xom.
  3401 | D:5      | Reached skill level 8 in Unarmed Combat
  3689 | D:5      | Found a staircase to the Ecumenical Temple.
  3725 | Temple   | Entered the Ecumenical Temple
  3735 | Temple   | Became a worshipper of the Wu Jian Council
  3735 | Temple   | Reached * piety under Wu Jian
  3735 | Temple   | Reached ** piety under Wu Jian
  4005 | D:5      | Found a hide-covered altar of Uskayaw.
  4051 | D:5      | Reached XP level 7. HP: 52/57 MP: 6/6
  4106 | D:5      | Reached skill level 9 in Unarmed Combat
  5005 | D:6      | Reached skill level 10 in Unarmed Combat
  5027 | D:6      | Reached XP level 8. HP: 60/63 MP: 7/7
  5173 | D:6      | Found a broken altar of Ashenzari.
  5184 | D:6      | Noticed Maggie
  5288 | D:6      | Found Ruoshoit's Book Shoppe.
  5310 | D:6      | Reached skill level 1 in Armour
  5553 | D:6      | Found a shadowy altar of Dithmenos.
  5665 | D:6      | Maggie changed into Maggie the tengu
  5665 | D:6      | Noticed Maggie
  5675 | D:6      | Killed Maggie the tengu
  5676 | D:6      | Reached skill level 11 in Unarmed Combat
  6029 | D:7      | Found a hazy altar of Hepliaklqana.
  6093 | D:7      | Found a stormy altar of Qazlal.
  6095 | D:7      | Noticed an air elemental
  6096 | D:7      | Noticed a water elemental
  6161 | D:7      | Found a flagged portal.
  6271 | D:7      | Identified the +4 scale mail of Gluttony {Dex+3}
  6324 | D:7      | Reached skill level 5 in Fighting
  6454 | Bailey   | Entered a bailey
  6587 | Bailey   | Reached *** piety under Wu Jian
  6588 | Bailey   | Reached XP level 9. HP: 65/75 MP: 8/8
  6836 | Bailey   | Noticed an orc knight
  6836 | Bailey   | Noticed an orc knight
  6839 | Bailey   | HP: 1/81 [orc knight/+0 glaive (25)]
  6839 | Bailey   | Mangled by an orc knight

Illustrated notes

Levels and vault maps discovered:
D:1:      sevenhm_arrival_forest_fort_small_4, layout_loops_ring,
          grunt_decor_fettered
D:2:      layout_basic, dreamdust_ecumenical_altar_drowned_temple
D:3:      layout_loops_ring, kiku_gazebo_garden_becter
D:4:      layout_loops_corners, mainiacjoe_overflow_alcove_2
D:5:      layout_layer_cave, nicolae_uskayaw_murder_on_the_dancefloor,
          xom_butterflies, temple_fountains
D:6:      layout_loops_ring, nicolae_ashenzari_skybound,
          nicolae_dithmenos_through_a_glass_darkly,
          nicolae_elyvilon_peaceful_grove, serial_shops, shop, uniq_maggie
D:7:      layout_loops_ring, nicolae_qazlal_style_of_elements,
          nicolae_hepliaklqana_monster_ancestors, enter_bailey_5,
          amcnicky_mini_pool_small, nicolae_inconvenience_store
Temple:   compressed_dpeg_circular_temple
Bailey:   bailey_polearm_2, bailey

Skill      XL: |  1  2  3  4  5  6  7  8  9 |
---------------+----------------------------+-----
Unarmed Combat | 4 5 6 7 8 10 11 | 11.2
Armour         | 2 |  2.0
Fighting       | 5 7 |  7.8
Dodging        | |  2.6

Action                     |  1- 3 |  4- 6 |  7- 9 || total
---------------------------+-------+-------+-------++-------
  Melee: Unarmed           |    85 |   125 |   216 ||   426
Ability: Whirlwind         |       |       |    45 ||    45
         Lunge             |       |       |    30 ||    30
         Wall Jump         |       |       |    14 ||    14
  Evoke: Wand              |       |       |     1 ||     1
         Piece from Xom's  |       |       |     1 ||     1
 Armour: Robe              |    16 |    12 |       ||    28
         Leather armour    |       |     2 |    12 ||    14
         Steam dragon scal |       |       |    35 ||    35
         Ring mail         |       |       |    14 ||    14
  Dodge: Dodged            |    57 |    77 |   121 ||   255
